Canucks vs Oilers

Created - September-13-13 at 17:46

Simulating a Pre-Season

Goals
1 2 3 T
Canucks 0 3 1 4
Oilers 1 0 0 1
Shots
1 2 3 T
Canucks 9 14 12 35
Oilers 14 2 5 21

1st period

1. Oilers , Jochen Hecht 1 (Drew Miller, Scott Hannan) at 1:58 (SH)

Penalties :
Chris Phillips (EDM) for Slashing (Minor) at 0:23, Maxime Talbot (EDM) for Hooking (Minor) at 9:45, Colin McDonald (EDM) for High sticking (Minor) at 19:12

2nd period

2. Canucks , Alex Pietrangelo 2 (Erik Karlsson, Phil Kessel) at 0:28 (PP)
3. Canucks , Phil Kessel 1 (Nazem Kadri, Matt Carle) at 10:24
4. Canucks , Matt Carle 1 (Joe Pavelski, Corey Perry) at 18:20 (PP)

Penalties :
Adam Burish (EDM) for High sticking (Minor) at 16:48

3rd period

5. Canucks , Tyler Seguin 2 (Jonas Brodin, Lars Eller) at 7:13

Penalties :
Jochen Hecht (EDM) for Holding (Minor) at 1:13, Lars Eller (VAN) for Roughing (Minor) at 3:05, Jakub Voracek (EDM) for Tripping (Minor) at 7:14, Scott Hartnell (VAN) for High sticking (Minor) at 9:44, Scott Hartnell (VAN) for Interference (Minor) at 19:03

Goalie Stats

Henrik Lundqvist (VAN), 20 saves from 21 shots - (0.952), W, 4-1-0, 60:00 minutes
Kari Lehtonen (EDM), 31 saves from 35 shots - (0.886), L, 1-1-1, 60:00 minutes

Players Stats for Canucks

Player Name              G  A  P  +/- PIM S  H  SB GA TA FO     MP     PP MP  PK MP  
------------------------------------------------------------------------------------
Alex Pietrangelo         1  0  1  -1  0   1  0  1  0  0  0/0    25:11   6:39   1:40 
Brandon Sutter           0  0  0   0  0   3  0  0  0  0  3/10    5:32   0:00   3:23 
Cam Fowler               0  0  0   1  0   0  2  0  0  0  0/0    15:25   3:16   0:00 
Corey Perry              0  1  1  -1  0   2  4  0  0  0  0/1    18:12   4:25   0:00 
Dmitry Kulikov           0  0  0   0  0   0  2  0  0  0  0/0    17:02   0:56   2:30 
Erik Karlsson            0  1  1   0  0   3  1  0  0  0  0/0    22:00   6:25   0:00 
Joe Pavelski             0  1  1  -1  0   2  0  0  0  0  12/24  18:12   4:25   0:00 
Jonas Brodin             0  1  1   1  0   3  0  1  0  0  0/0    15:16   0:00   3:07 
Justin Braun             0  0  0   0  0   0  1  0  0  0  0/0     3:53   0:00   0:37 
Lars Eller               0  1  1   1  2   0  1  0  0  0  5/21   16:57   1:58   2:16 
Matt Carle               1  1  2   1  0   3  1  0  0  0  0/0    21:13   3:58   1:40 
Mikko Koivu              0  0  0   0  0   1  0  0  0  0  7/17   10:13   3:23   0:00 
Nazem Kadri              0  1  1   1  0   5  4  0  0  0  1/2    24:56   6:12   0:45 
Phil Kessel              1  1  2   1  0   6  0  0  0  0  1/3    22:36   6:12   0:00 
Ryan OReilly             0  0  0  -1  0   2  0  0  0  0  2/3    19:52   4:33   1:32 
Scott Hartnell           0  0  0   1  4   0  5  0  0  0  1/1    12:48   0:00   0:00 
Tyler Seguin             1  0  1   1  0   4  0  0  0  0  0/0    13:22   0:00   0:39 
Valtteri Filppula        0  0  0   1  0   0  0  0  0  0  5/10   12:23   0:42   0:59 

Players Stats for Oilers

Player Name              G  A  P  +/- PIM S  H  SB GA TA FO     MP     PP MP  PK MP  
------------------------------------------------------------------------------------
Adam Burish              0  0  0   0  2   0  0  0  0  0  7/8    10:37   0:00   4:03 
Brian Flynn              0  0  0  -2  0   1  0  0  0  0  7/14   11:48   0:00   0:00 
Chris Phillips           0  0  0   0  2   2  2  4  0  0  0/0    23:04   2:54   4:23 
Colin McDonald           0  0  0   0  2   1  1  0  0  0  0/0    15:08   1:53   0:00 
David Backes             0  0  0   0  0   1  1  0  0  0  6/17   15:09   1:53   0:00 
Derek Roy                0  0  0   0  0   1  1  0  0  0  18/29  17:31   2:54   1:47 
Drew Miller              0  1  1  -1  0   4  1  0  0  0  1/1    18:19   0:00   6:24 
Dustin Jeffrey           0  0  0   0  0   0  0  0  0  0  6/8     6:54   0:00   0:19 
Erik Gustafsson          0  0  0  -1  0   2  0  0  0  0  0/0    21:21   1:53   5:37 
Jakub Voracek            0  0  0   0  2   3  0  0  0  0  0/0    15:43   2:54   0:00 
Jochen Hecht             1  0  1  -1  2   1  0  0  0  0  9/12   19:19   1:53   5:39 
Justin Schultz           0  0  0  -1  0   0  0  0  0  0  0/0    18:06   2:54   0:15 
Maxime Talbot            0  0  0   0  2   2  2  0  0  0  1/1    15:43   2:54   0:00 
Nicklas Grossmann        0  0  0   1  0   1  0  0  0  0  0/0    19:44   0:00   5:37 
Ruslan Fedotenko         0  0  0   0  0   1  0  0  0  0  0/2    13:23   0:00   0:00 
Scott Hannan             0  1  1   0  0   1  6  0  0  0  0/0    24:00   1:53   5:22 
Sheldon Souray           0  0  0  -1  0   0  2  0  0  0  0/0    13:44   0:00   0:00 
Trevor Smith             0  0  0   0  0   0  0  0  0  0  0/0     9:37   0:00   3:02 

3 Stars

1 - Matt Carle (VAN)
2 - Phil Kessel (VAN)
3 - Henrik Lundqvist (VAN)

Power Play

Canucks - 2 on 6 Attempt(s) - 33.33%
Oilers - 0 on 3 Attempt(s) - 0.00%

Penalty Kill

Canucks - 3 on 3 Attempt(s) - 100.00% - Score 0 goal in Penalty Kill
Oilers - 4 on 6 Attempt(s) - 66.67% - Score 1 goal in Penalty Kill

Official

Referees : Mike Leggo and Francis Charron
Linesman : Lonnie Cameron and Scott Driscoll

Game Notes

Mikko Koivu is injured at 4:47 of 2nd period (Left Knee)

% Time on Ice - Canucks

Lines # - Real PCT - Wanted PCT - Time Play
Normal Forward
1 - 37% - 35% - 16:24
2 - 31% - 30% - 13:47
3 - 29% - 26% - 12:43
4 - 4% - 9% - 1:35
Normal Defense
1 - 35% - 34% - 15:35
2 - 31% - 32% - 13:36
3 - 27% - 25% - 12:09
4 - 7% - 9% - 3:09
PP Forward
1 - 58% - 60% - 6:12
2 - 42% - 40% - 4:25
PP Defense
1 - 63% - 62% - 6:39
2 - 37% - 38% - 3:58
PK Forward
1 - 86% - 60% - 4:08
2 - 14% - 40% - 0:39
PK Defense
1 - 35% - 50% - 1:40
2 - 65% - 50% - 3:07
PK3 Forward
1 - 0% - 60%
2 - 0% - 40%
PK3 Defense
1 - 0% - 60%
2 - 0% - 40%
44 Forward
1 - 100% - 52% - 0:07
2 - 0% - 48% - 0:00
44 Defense
1 - 100% - 51% - 0:07
2 - 0% - 49% - 0:00
Last Minute Offensive  - 0:00
Last Minute Defensive  - 0:00
Total
Forward - 60:00
Defense - 60:00

% Time on Ice - Oilers

Lines # - Real PCT - Wanted PCT - Time Play
Normal Forward
1 - 29% - 28% - 12:50
2 - 30% - 28% - 13:16
3 - 27% - 28% - 11:48
4 - 15% - 16% - 6:35
Normal Defense
1 - 31% - 33% - 14:00
2 - 34% - 30% - 14:57
3 - 31% - 27% - 13:44
4 - 4% - 10% - 1:48
PP Forward
1 - 61% - 60% - 2:54
2 - 39% - 40% - 1:53
PP Defense
1 - 61% - 60% - 2:54
2 - 39% - 40% - 1:53
PK Forward
1 - 71% - 60% - 7:35
2 - 29% - 40% - 3:02
PK Defense
1 - 53% - 50% - 5:37
2 - 47% - 50% - 5:00
PK3 Forward
1 - 0% - 50%
2 - 0% - 50%
PK3 Defense
1 - 0% - 50%
2 - 0% - 50%
44 Forward
1 - 100% - 60% - 0:07
2 - 0% - 40% - 0:00
44 Defense
1 - 100% - 60% - 0:07
2 - 0% - 40% - 0:00
Last Minute Offensive  - 0:00
Last Minute Defensive  - 0:00
Total
Forward - 60:00
Defense - 60:00

Play by Play

1st period


0:01 of 1st period - Mikko Koivu wins face-off versus Derek Roy in neutral zone.
0:23 of 1st period - Minor Penalty to Chris Phillips for Slashing.
0:24 of 1st period - Jochen Hecht wins face-off versus Joe Pavelski in Oilers zone.
0:42 of 1st period - Shot by Erik Karlsson.
0:42 of 1st period - Shot Misses the Net.
0:44 of 1st period - Shot by Erik Karlsson.
0:44 of 1st period - Stopped by Kari Lehtonen without a rebound.
0:45 of 1st period - Jochen Hecht wins face-off versus Mikko Koivu in Oilers zone.
0:51 of 1st period - Icing by Cam Fowler.
0:52 of 1st period - Jochen Hecht wins face-off versus Mikko Koivu in Canucks zone.
1:27 of 1st period - Shot by Matt Carle.
1:27 of 1st period - Stopped by Kari Lehtonen with a rebound.
1:48 of 1st period - Icing by Erik Karlsson.
1:49 of 1st period - Jochen Hecht wins face-off versus Joe Pavelski in Canucks zone.
1:56 of 1st period - Shot by Drew Miller.
1:56 of 1st period - Stopped by Henrik Lundqvist with a rebound.
1:58 of 1st period - Shot by Jochen Hecht.
1:58 of 1st period - Goal by Jochen Hecht - Canucks : 0 - Oilers : 1.
1:59 of 1st period - Joe Pavelski wins face-off versus Jochen Hecht in neutral zone.
2:08 of 1st period - Shot by Erik Karlsson.
2:08 of 1st period - Shot Misses the Net.
2:10 of 1st period - Shot by Erik Karlsson.
2:10 of 1st period - Stopped by Kari Lehtonen without a rebound.
2:11 of 1st period - Jochen Hecht wins face-off versus Joe Pavelski in Oilers zone.
2:22 of 1st period - Shot by Erik Karlsson.
2:22 of 1st period - Shot Misses the Net.
2:35 of 1st period - Lars Eller is hit by Scott Hannan and loses puck.
2:51 of 1st period - Icing by Justin Schultz.
2:52 of 1st period - Joe Pavelski wins face-off versus David Backes in Oilers zone.
3:53 of 1st period - Shot by Drew Miller.
3:53 of 1st period - Deflect By Brian Flynn.
3:53 of 1st period - Shot Misses the Net.
3:55 of 1st period - Shot by Jochen Hecht.
3:55 of 1st period - Deflect By Brian Flynn.
3:55 of 1st period - Stopped by Henrik Lundqvist without a rebound.
3:56 of 1st period - Lars Eller wins face-off versus Derek Roy in Canucks zone.
4:20 of 1st period - Shot by Maxime Talbot.
4:20 of 1st period - Stopped by Henrik Lundqvist with a rebound.
4:22 of 1st period - Shot by Maxime Talbot.
4:22 of 1st period - Stopped by Henrik Lundqvist without a rebound.
4:23 of 1st period - Mikko Koivu wins face-off versus Dustin Jeffrey in Canucks zone.
5:39 of 1st period - Shot by Joe Pavelski.
5:39 of 1st period - Stopped by Kari Lehtonen without a rebound.
5:40 of 1st period - Drew Miller wins face-off versus Lars Eller in Oilers zone.
5:53 of 1st period - Shot by Jochen Hecht.
5:53 of 1st period - Shot Misses the Net.
5:55 of 1st period - Shot by Jochen Hecht.
5:55 of 1st period - Deflect By Brian Flynn.
5:55 of 1st period - Shot Misses the Net.
6:03 of 1st period - Jochen Hecht is hit by Scott Hartnell and loses puck.
6:18 of 1st period - Shot by Jochen Hecht.
6:18 of 1st period - Shot Misses the Net.
6:20 of 1st period - Shot by Drew Miller.
6:20 of 1st period - Shot Misses the Net.
6:22 of 1st period - Shot by Nicklas Grossmann.
6:22 of 1st period - Stopped by Henrik Lundqvist without a rebound.
6:23 of 1st period - Derek Roy wins face-off versus Mikko Koivu in Canucks zone.
6:24 of 1st period - Shot by Jakub Voracek.
6:24 of 1st period - Shot Misses the Net.
6:55 of 1st period - Shot by Derek Roy.
6:55 of 1st period - Stopped by Henrik Lundqvist without a rebound.
6:56 of 1st period - Joe Pavelski wins face-off versus David Backes in Canucks zone.
7:09 of 1st period - Icing by Erik Gustafsson.
7:10 of 1st period - Lars Eller wins face-off versus David Backes in Oilers zone.
7:26 of 1st period - Shot by Lars Eller.
7:26 of 1st period - Shot Misses the Net.
7:28 of 1st period - Shot by Jonas Brodin.
7:28 of 1st period - Stopped by Kari Lehtonen without a rebound.
7:29 of 1st period - Ryan OReilly wins face-off versus Brian Flynn in Oilers zone.
7:48 of 1st period - Shot by Corey Perry.
7:48 of 1st period - Shot Misses the Net.
7:50 of 1st period - Shot by Joe Pavelski.
7:50 of 1st period - Shot Misses the Net.
8:47 of 1st period - Alex Pietrangelo is hit by Drew Miller and loses puck.
9:02 of 1st period - Shot by Nazem Kadri.
9:02 of 1st period - Stopped by Kari Lehtonen without a rebound.
9:03 of 1st period - Maxime Talbot wins face-off versus Lars Eller in Oilers zone.
9:45 of 1st period - Minor Penalty to Maxime Talbot for Hooking.
9:46 of 1st period - Adam Burish wins face-off versus Mikko Koivu in Oilers zone.
9:56 of 1st period - Off-side.
9:57 of 1st period - Adam Burish wins face-off versus Mikko Koivu in neutral zone.
10:26 of 1st period - Mikko Koivu is hit by Scott Hannan.
11:29 of 1st period - Shot by Matt Carle.
11:29 of 1st period - Shot Blocked by Chris Phillips.
11:31 of 1st period - Shot by Corey Perry.
11:31 of 1st period - Shot Misses the Net.
12:21 of 1st period - Shot by David Backes.
12:21 of 1st period - Stopped by Henrik Lundqvist without a rebound.
12:22 of 1st period - Derek Roy wins face-off versus Nazem Kadri in Canucks zone.
12:31 of 1st period - Jakub Voracek is hit by Nazem Kadri.
12:37 of 1st period - Shot by Brandon Sutter.
12:37 of 1st period - Stopped by Kari Lehtonen without a rebound.
12:38 of 1st period - Dustin Jeffrey wins face-off versus Joe Pavelski in Oilers zone.
13:05 of 1st period - Shot by Ryan OReilly.
13:05 of 1st period - Shot Misses the Net.
13:07 of 1st period - Shot by Corey Perry.
13:07 of 1st period - Stopped by Kari Lehtonen without a rebound.
13:08 of 1st period - David Backes wins face-off versus Mikko Koivu in Oilers zone.
14:15 of 1st period - Shot by Jakub Voracek.
14:15 of 1st period - Stopped by Henrik Lundqvist without a rebound.
14:16 of 1st period - Derek Roy wins face-off versus Lars Eller in Canucks zone.
14:22 of 1st period - Jakub Voracek is hit by Cam Fowler and loses puck.
14:36 of 1st period - Icing by Cam Fowler.
14:37 of 1st period - Lars Eller wins face-off versus Brian Flynn in Canucks zone.
14:45 of 1st period - Icing by Jonas Brodin.
14:46 of 1st period - Derek Roy wins face-off versus Lars Eller in Canucks zone.
14:46 of 1st period - Jakub Voracek is hit by Cam Fowler and loses puck.
14:53 of 1st period - Shot by Jakub Voracek.
14:53 of 1st period - Stopped by Henrik Lundqvist with a rebound.
15:59 of 1st period - Shot by Erik Gustafsson.
15:59 of 1st period - Stopped by Henrik Lundqvist without a rebound.
16:00 of 1st period - Mikko Koivu wins face-off versus David Backes in Canucks zone.
16:07 of 1st period - Shot by Nazem Kadri.
16:07 of 1st period - Shot Misses the Net.
16:13 of 1st period - Shot by Mikko Koivu.
16:13 of 1st period - Shot Misses the Net.
16:29 of 1st period - Shot by Ruslan Fedotenko.
16:29 of 1st period - Stopped by Henrik Lundqvist without a rebound.
16:30 of 1st period - Brian Flynn wins face-off versus Joe Pavelski in Canucks zone.
16:35 of 1st period - Shot by Drew Miller.
16:35 of 1st period - Stopped by Henrik Lundqvist without a rebound.
16:36 of 1st period - Brian Flynn wins face-off versus Joe Pavelski in Canucks zone.
16:37 of 1st period - Shot by Scott Hannan.
16:37 of 1st period - Stopped by Henrik Lundqvist without a rebound.
16:38 of 1st period - Jochen Hecht wins face-off versus Mikko Koivu in Canucks zone.
16:38 of 1st period - Jochen Hecht is hit by Dmitry Kulikov.
16:41 of 1st period - Brian Flynn is hit by Dmitry Kulikov and loses puck.
16:45 of 1st period - Icing by Alex Pietrangelo.
16:46 of 1st period - Phil Kessel wins face-off versus Brian Flynn in Canucks zone.
17:40 of 1st period - Drew Miller is hit by Erik Karlsson and loses puck.
18:12 of 1st period - Shot by Ryan OReilly.
18:12 of 1st period - Stopped by Kari Lehtonen without a rebound.
18:13 of 1st period - Derek Roy wins face-off versus Lars Eller in Oilers zone.
18:25 of 1st period - Lars Eller is hit by Sheldon Souray and loses puck.
18:41 of 1st period - Jonas Brodin is hit by Sheldon Souray and loses puck.
19:11 of 1st period - Off-side.
19:12 of 1st period - Ryan OReilly wins face-off versus Ruslan Fedotenko in neutral zone.
19:12 of 1st period - Minor Penalty to Colin McDonald for High sticking.
19:13 of 1st period - Jochen Hecht wins face-off versus Mikko Koivu in Oilers zone.

2nd period


0:01 of 2nd period - Jochen Hecht wins face-off versus Mikko Koivu in neutral zone.
0:22 of 2nd period - Shot by Nazem Kadri.
0:22 of 2nd period - Deflect By Phil Kessel.
0:22 of 2nd period - Shot Misses the Net.
0:24 of 2nd period - Shot by Alex Pietrangelo.
0:24 of 2nd period - Shot Blocked by Chris Phillips.
0:26 of 2nd period - Shot by Erik Karlsson.
0:26 of 2nd period - Shot Misses the Net.
0:28 of 2nd period - Shot by Alex Pietrangelo.
0:28 of 2nd period - Goal by Alex Pietrangelo - Canucks : 1 - Oilers : 1.
0:29 of 2nd period - Joe Pavelski wins face-off versus David Backes in neutral zone.
1:08 of 2nd period - Shot by Ryan OReilly.
1:08 of 2nd period - Deflect By Joe Pavelski.
1:08 of 2nd period - Shot Misses the Net.
1:10 of 2nd period - Shot by Joe Pavelski.
1:10 of 2nd period - Stopped by Kari Lehtonen with a rebound.
1:12 of 2nd period - Shot by Jonas Brodin.
1:12 of 2nd period - Stopped by Kari Lehtonen without a rebound.
1:13 of 2nd period - Mikko Koivu wins face-off versus Dustin Jeffrey in Oilers zone.
1:18 of 2nd period - Shot by Mikko Koivu.
1:18 of 2nd period - Stopped by Kari Lehtonen without a rebound.
1:19 of 2nd period - Dustin Jeffrey wins face-off versus Mikko Koivu in Oilers zone.
1:32 of 2nd period - Shot by Phil Kessel.
1:32 of 2nd period - Shot Misses the Net.
1:34 of 2nd period - Shot by Nazem Kadri.
1:34 of 2nd period - Shot Misses the Net.
1:36 of 2nd period - Shot by Matt Carle.
1:36 of 2nd period - Stopped by Kari Lehtonen without a rebound.
1:37 of 2nd period - Lars Eller wins face-off versus Jochen Hecht in Oilers zone.
2:10 of 2nd period - Shot by Drew Miller.
2:10 of 2nd period - Shot Misses the Net.
2:45 of 2nd period - Off-side.
2:46 of 2nd period - Joe Pavelski wins face-off versus David Backes in neutral zone.
2:53 of 2nd period - Shot by Corey Perry.
2:53 of 2nd period - Shot Misses the Net.
2:58 of 2nd period - Icing by Justin Schultz.
2:59 of 2nd period - Mikko Koivu wins face-off versus David Backes in Oilers zone.
3:21 of 2nd period - Icing by Matt Carle.
3:22 of 2nd period - Mikko Koivu wins face-off versus Derek Roy in Canucks zone.
3:22 of 2nd period - Mikko Koivu is hit by Maxime Talbot.
3:41 of 2nd period - Shot by Phil Kessel.
3:41 of 2nd period - Stopped by Kari Lehtonen without a rebound.
3:42 of 2nd period - Dustin Jeffrey wins face-off versus Joe Pavelski in Oilers zone.
3:42 of 2nd period - Dustin Jeffrey is hit by Corey Perry.
4:00 of 2nd period - Shot by Trevor Smith.
4:00 of 2nd period - Shot Misses the Net.
4:45 of 2nd period - Icing by Erik Karlsson.
4:46 of 2nd period - Mikko Koivu wins face-off versus Derek Roy in Canucks zone.
4:46 of 2nd period - Mikko Koivu is hit by Maxime Talbot.
4:47 of 2nd period - Mikko Koivu from Canucks is injured at 4:47 of 2nd period (Left Knee).
4:48 of 2nd period - Derek Roy wins face-off versus Brandon Sutter in Canucks zone.
4:49 of 2nd period - Shot by Jakub Voracek.
4:49 of 2nd period - Stopped by Henrik Lundqvist without a rebound.
4:50 of 2nd period - Brandon Sutter wins face-off versus Derek Roy in Canucks zone.
5:28 of 2nd period - Shot by Nazem Kadri.
5:28 of 2nd period - Shot Misses the Net.
5:30 of 2nd period - Shot by Brandon Sutter.
5:30 of 2nd period - Stopped by Kari Lehtonen without a rebound.
5:31 of 2nd period - Joe Pavelski wins face-off versus David Backes in Oilers zone.
7:20 of 2nd period - Shot by Nazem Kadri.
7:20 of 2nd period - Stopped by Kari Lehtonen without a rebound.
7:21 of 2nd period - Dustin Jeffrey wins face-off versus Lars Eller in Oilers zone.
8:38 of 2nd period - Shot by Phil Kessel.
8:38 of 2nd period - Shot Misses the Net.
8:40 of 2nd period - Shot by Valtteri Filppula.
8:40 of 2nd period - Deflect By Phil Kessel.
8:40 of 2nd period - Shot Misses the Net.
8:46 of 2nd period - Shot by Phil Kessel.
8:46 of 2nd period - Shot Misses the Net.
8:59 of 2nd period - Icing by Dustin Jeffrey.
9:00 of 2nd period - Dustin Jeffrey wins face-off versus Joe Pavelski in Oilers zone.
9:56 of 2nd period - Icing by Alex Pietrangelo.
9:57 of 2nd period - Derek Roy wins face-off versus Corey Perry in Canucks zone.
9:58 of 2nd period - Shot by Erik Gustafsson.
9:58 of 2nd period - Stopped by Henrik Lundqvist without a rebound.
9:59 of 2nd period - Nazem Kadri wins face-off versus Brian Flynn in Canucks zone.
10:06 of 2nd period - Shot by Valtteri Filppula.
10:06 of 2nd period - Shot Misses the Net.
10:24 of 2nd period - Shot by Phil Kessel.
10:24 of 2nd period - Goal by Phil Kessel - Canucks : 2 - Oilers : 1.
10:25 of 2nd period - Derek Roy wins face-off versus Lars Eller in neutral zone.
10:41 of 2nd period - Shot by Cam Fowler.
10:41 of 2nd period - Deflect By Tyler Seguin.
10:41 of 2nd period - Stopped by Kari Lehtonen without a rebound.
10:42 of 2nd period - Valtteri Filppula wins face-off versus David Backes in Oilers zone.
10:57 of 2nd period - Shot by Phil Kessel.
10:57 of 2nd period - Stopped by Kari Lehtonen without a rebound.
10:58 of 2nd period - Derek Roy wins face-off versus Joe Pavelski in Oilers zone.
11:00 of 2nd period - Icing by Chris Phillips.
11:01 of 2nd period - Derek Roy wins face-off versus Valtteri Filppula in Oilers zone.
11:21 of 2nd period - Shot by Jakub Voracek.
11:21 of 2nd period - Shot Blocked by Alex Pietrangelo.
13:40 of 2nd period - Off-side.
13:41 of 2nd period - Valtteri Filppula wins face-off versus Derek Roy in neutral zone.
13:43 of 2nd period - Alex Pietrangelo is hit by Scott Hannan and loses puck.
13:47 of 2nd period - Icing by Maxime Talbot.
13:48 of 2nd period - Valtteri Filppula wins face-off versus Derek Roy in Oilers zone.
13:51 of 2nd period - Shot by Phil Kessel.
13:51 of 2nd period - Shot Misses the Net.
14:55 of 2nd period - Icing by Erik Gustafsson.
14:56 of 2nd period - Brian Flynn wins face-off versus Lars Eller in Oilers zone.
15:21 of 2nd period - Shot by Brian Flynn.
15:21 of 2nd period - Shot Misses the Net.
15:29 of 2nd period - Shot by Brian Flynn.
15:29 of 2nd period - Deflect By Jochen Hecht.
15:29 of 2nd period - Shot Misses the Net.
15:49 of 2nd period - Chris Phillips is hit by Scott Hartnell and loses puck.
16:41 of 2nd period - Icing by Scott Hannan.
16:42 of 2nd period - Dustin Jeffrey wins face-off versus Brandon Sutter in Oilers zone.
16:48 of 2nd period - Minor Penalty to Adam Burish for High sticking.
16:49 of 2nd period - Jochen Hecht wins face-off versus Phil Kessel in Oilers zone.
17:06 of 2nd period - Shot by Alex Pietrangelo.
17:06 of 2nd period - Shot Misses the Net.
17:23 of 2nd period - Alex Pietrangelo is hit by Chris Phillips and loses puck.
18:18 of 2nd period - Shot by Joe Pavelski.
18:18 of 2nd period - Shot Misses the Net.
18:20 of 2nd period - Shot by Matt Carle.
18:20 of 2nd period - Goal by Matt Carle - Canucks : 3 - Oilers : 1.
18:21 of 2nd period - David Backes wins face-off versus Brandon Sutter in neutral zone.
18:24 of 2nd period - Alex Pietrangelo is hit by Colin McDonald and loses puck.
18:45 of 2nd period - Shot by Phil Kessel.
18:45 of 2nd period - Stopped by Kari Lehtonen with a rebound.
18:47 of 2nd period - Shot by Nazem Kadri.
18:47 of 2nd period - Stopped by Kari Lehtonen without a rebound.
18:48 of 2nd period - Scott Hartnell wins face-off versus Derek Roy in Oilers zone.
19:02 of 2nd period - Jakub Voracek is hit by Matt Carle and loses puck.
19:48 of 2nd period - Icing by Jonas Brodin.
19:49 of 2nd period - Brian Flynn wins face-off versus Joe Pavelski in Canucks zone.

3rd period


0:01 of 3rd period - Valtteri Filppula wins face-off versus Brian Flynn in neutral zone.
0:11 of 3rd period - Off-side.
0:12 of 3rd period - Joe Pavelski wins face-off versus David Backes in neutral zone.
0:28 of 3rd period - Justin Schultz is hit by Corey Perry and loses puck.
1:13 of 3rd period - Minor Penalty to Jochen Hecht for Holding.
1:14 of 3rd period - Adam Burish wins face-off versus Lars Eller in Oilers zone.
1:23 of 3rd period - Shot by Alex Pietrangelo.
1:23 of 3rd period - Shot Blocked by Chris Phillips.
1:25 of 3rd period - Shot by Alex Pietrangelo.
1:25 of 3rd period - Shot Misses the Net.
1:27 of 3rd period - Shot by Phil Kessel.
1:27 of 3rd period - Stopped by Kari Lehtonen without a rebound.
1:28 of 3rd period - Adam Burish wins face-off versus Lars Eller in Oilers zone.
1:42 of 3rd period - Off-side.
1:43 of 3rd period - Adam Burish wins face-off versus Lars Eller in neutral zone.
2:27 of 3rd period - Shot by Scott Hannan.
2:27 of 3rd period - Shot Misses the Net.
2:29 of 3rd period - Shot by Drew Miller.
2:29 of 3rd period - Shot Misses the Net.
2:35 of 3rd period - Shot by Drew Miller.
2:35 of 3rd period - Stopped by Henrik Lundqvist without a rebound.
2:36 of 3rd period - Joe Pavelski wins face-off versus Derek Roy in Canucks zone.
2:54 of 3rd period - Icing by Erik Karlsson.
2:55 of 3rd period - Joe Pavelski wins face-off versus Adam Burish in Canucks zone.
3:02 of 3rd period - Shot by Erik Karlsson.
3:02 of 3rd period - Stopped by Kari Lehtonen without a rebound.
3:03 of 3rd period - Adam Burish wins face-off versus Lars Eller in Oilers zone.
3:03 of 3rd period - Scott Hannan is hit by Lars Eller and loses puck.
3:05 of 3rd period - Minor Penalty to Lars Eller for Roughing.
3:06 of 3rd period - Brandon Sutter wins face-off versus Ruslan Fedotenko in Canucks zone.
3:19 of 3rd period - Shot by Brandon Sutter.
3:19 of 3rd period - Stopped by Kari Lehtonen without a rebound.
3:20 of 3rd period - Brandon Sutter wins face-off versus Derek Roy in Oilers zone.
3:47 of 3rd period - Shot by Jakub Voracek.
3:47 of 3rd period - Shot Misses the Net.
4:30 of 3rd period - Scott Hannan is hit by Nazem Kadri.
5:14 of 3rd period - Shot by Scott Hartnell.
5:14 of 3rd period - Shot Misses the Net.
5:19 of 3rd period - Icing by Nicklas Grossmann.
5:20 of 3rd period - Adam Burish wins face-off versus Lars Eller in Oilers zone.
5:22 of 3rd period - Chris Phillips is hit by Scott Hartnell and loses puck.
5:29 of 3rd period - Shot by Tyler Seguin.
5:29 of 3rd period - Stopped by Kari Lehtonen without a rebound.
5:30 of 3rd period - Derek Roy wins face-off versus Valtteri Filppula in Oilers zone.
5:45 of 3rd period - Shot by Derek Roy.
5:45 of 3rd period - Shot Misses the Net.
6:24 of 3rd period - Jochen Hecht is hit by Nazem Kadri and loses puck.
6:34 of 3rd period - Off-side.
6:35 of 3rd period - Joe Pavelski wins face-off versus David Backes in neutral zone.
6:35 of 3rd period - Joe Pavelski is hit by David Backes.
6:38 of 3rd period - Corey Perry is hit by Chris Phillips and loses puck.
6:55 of 3rd period - Shot by Ryan OReilly.
6:55 of 3rd period - Stopped by Kari Lehtonen without a rebound.
6:56 of 3rd period - Lars Eller wins face-off versus Brian Flynn in Oilers zone.
7:09 of 3rd period - Shot by Jonas Brodin.
7:09 of 3rd period - Stopped by Kari Lehtonen with a rebound.
7:13 of 3rd period - Shot by Tyler Seguin.
7:13 of 3rd period - Goal by Tyler Seguin - Canucks : 4 - Oilers : 1.
7:14 of 3rd period - Joe Pavelski wins face-off versus Derek Roy in neutral zone.
7:14 of 3rd period - Minor Penalty to Jakub Voracek for Tripping.
7:15 of 3rd period - Joe Pavelski wins face-off versus Jochen Hecht in Oilers zone.
7:22 of 3rd period - Shot by Alex Pietrangelo.
7:22 of 3rd period - Shot Misses the Net.
7:58 of 3rd period - Shot by Erik Karlsson.
7:58 of 3rd period - Shot Blocked by Chris Phillips.
9:08 of 3rd period - Trevor Smith is hit by Corey Perry and loses puck.
9:37 of 3rd period - Shot by Nazem Kadri.
9:37 of 3rd period - Stopped by Kari Lehtonen without a rebound.
9:38 of 3rd period - David Backes wins face-off versus Lars Eller in Oilers zone.
9:42 of 3rd period - Icing by David Backes.
9:43 of 3rd period - David Backes wins face-off versus Lars Eller in Oilers zone.
9:43 of 3rd period - David Backes is hit by Scott Hartnell.
9:44 of 3rd period - Minor Penalty to Scott Hartnell for High sticking.
9:45 of 3rd period - Derek Roy wins face-off versus Brandon Sutter in Canucks zone.
10:00 of 3rd period - Shot by Justin Schultz.
10:00 of 3rd period - Shot Misses the Net.
10:44 of 3rd period - Shot by Erik Gustafsson.
10:44 of 3rd period - Shot Misses the Net.
11:13 of 3rd period - Off-side.
11:14 of 3rd period - Derek Roy wins face-off versus Ryan OReilly in neutral zone.
12:07 of 3rd period - Shot by Phil Kessel.
12:07 of 3rd period - Shot Misses the Net.
12:11 of 3rd period - Shot by Erik Karlsson.
12:11 of 3rd period - Shot Misses the Net.
13:11 of 3rd period - Shot by Colin McDonald.
13:11 of 3rd period - Stopped by Henrik Lundqvist without a rebound.
13:12 of 3rd period - Brian Flynn wins face-off versus Lars Eller in Canucks zone.
13:15 of 3rd period - Shot by Jochen Hecht.
13:15 of 3rd period - Shot Hit the Post.
13:17 of 3rd period - Shot by Jochen Hecht.
13:17 of 3rd period - Shot Misses the Net.
13:19 of 3rd period - Shot by Drew Miller.
13:19 of 3rd period - Shot Misses the Net.
13:21 of 3rd period - Shot by Drew Miller.
13:21 of 3rd period - Stopped by Henrik Lundqvist without a rebound.
13:22 of 3rd period - Derek Roy wins face-off versus Valtteri Filppula in Canucks zone.
13:38 of 3rd period - Shot by Jakub Voracek.
13:38 of 3rd period - Shot Misses the Net.
13:55 of 3rd period - Jonas Brodin is hit by Derek Roy and loses puck.
14:42 of 3rd period - Brian Flynn is hit by Scott Hartnell.
14:47 of 3rd period - Tyler Seguin is hit by Scott Hannan and loses puck.
14:50 of 3rd period - Shot by Tyler Seguin.
14:50 of 3rd period - Stopped by Kari Lehtonen without a rebound.
14:51 of 3rd period - David Backes wins face-off versus Joe Pavelski in Oilers zone.
15:04 of 3rd period - Shot by David Backes.
15:04 of 3rd period - Deflect By Colin McDonald.
15:04 of 3rd period - Shot Misses the Net.
15:28 of 3rd period - Shot by Corey Perry.
15:28 of 3rd period - Stopped by Kari Lehtonen without a rebound.
15:29 of 3rd period - Valtteri Filppula wins face-off versus Brian Flynn in Oilers zone.
15:38 of 3rd period - Icing by Scott Hannan.
15:39 of 3rd period - Brian Flynn wins face-off versus Valtteri Filppula in Oilers zone.
15:51 of 3rd period - Nazem Kadri is hit by Scott Hannan and loses puck.
15:54 of 3rd period - Shot by Phil Kessel.
15:54 of 3rd period - Stopped by Kari Lehtonen with a rebound.
15:56 of 3rd period - Shot by Valtteri Filppula.
15:56 of 3rd period - Deflect By Nazem Kadri.
15:56 of 3rd period - Stopped by Kari Lehtonen without a rebound.
15:57 of 3rd period - Derek Roy wins face-off versus Joe Pavelski in Oilers zone.
16:07 of 3rd period - Off-side.
16:08 of 3rd period - Brian Flynn wins face-off versus Phil Kessel in neutral zone.
16:54 of 3rd period - Phil Kessel is hit by Scott Hannan and loses puck.
17:08 of 3rd period - Icing by Phil Kessel.
17:09 of 3rd period - Derek Roy wins face-off versus Valtteri Filppula in Canucks zone.
17:42 of 3rd period - Maxime Talbot is hit by Nazem Kadri and loses puck.
18:55 of 3rd period - David Backes is hit by Corey Perry and loses puck.
19:03 of 3rd period - Minor Penalty to Scott Hartnell for Interference.
19:04 of 3rd period - Derek Roy wins face-off versus Brandon Sutter in Canucks zone.
19:04 of 3rd period - Derek Roy is hit by Justin Braun.
19:18 of 3rd period - Shot by Chris Phillips.
19:18 of 3rd period - Stopped by Henrik Lundqvist without a rebound.
19:19 of 3rd period - Derek Roy wins face-off versus Brandon Sutter in Canucks zone.
19:34 of 3rd period - Shot by Jakub Voracek.
19:34 of 3rd period - Shot Misses the Net.
19:36 of 3rd period - Shot by Maxime Talbot.
19:36 of 3rd period - Shot Blocked by Jonas Brodin.
19:38 of 3rd period - Shot by Chris Phillips.
19:38 of 3rd period - Shot Misses the Net.
19:40 of 3rd period - Shot by Chris Phillips.
19:40 of 3rd period - Stopped by Henrik Lundqvist without a rebound.
19:41 of 3rd period - David Backes wins face-off versus Brandon Sutter in Canucks zone.


Output by the SimonT Hockey Simulator (STHS) for Stephane Roy -- Original Page W3C XHTML 1.0 Valid
Hockey Simulator - Hockey Simulation - Hockey Manager